Map: Одиссея РВ

Players

ИИ 1 (новичок)

  • Race: Terran Terran
  • Spawn Location: 11:00

Doll - Winner!

  • Race: Zerg Zerg
  • Spawn Location: 5:00

VOD

Have the link to the VOD?

Description

Time

  • Played on: April 18, 2021, 9:34 a.m.
  • Length: 11:06
Show
View Real Time Build Order
Export as new Build Order

ИИ 1 (новичок) Terran 

Build Orders: Reaper Expand 

Get SALT Encoding   

  12  0:00  SCV  
  13  0:13  SCV  
  14  0:18  Supply Depot  
  14  0:43  Barracks  
  14  1:06  Command Center  
  14  1:33  Orbital Command, Supply Depot, Marine  
  14  1:38  Refinery  
  15  1:50  Refinery  
  15  1:59  SCV  
  16  2:11  SCV  
  17  2:18  Reaper  
  18  2:23  SCV  
  18  2:24  SCV  
  20  2:35  SCV  
  21  2:39  SCV  
  22  2:47  SCV  
  23  2:53  SCV  
  24  3:00  SCV  
  25  3:07  SCV  
  25  3:08  Marine, Refinery  
  27  3:14  SCV  
  28  3:20  Factory  
  28  3:21  SCV  
  29  3:44  Refinery  
  29  3:45  SCV  
  30  3:53  SCV  
  30  3:54  Supply Depot  
  31  3:59  Marine  
  31  4:00  SCV  
  33  4:07  Starport, SCV  
  34  4:14  SCV  
  35  4:18  Barracks Tech Lab  
  35  4:21  SCV  
  36  4:28  SCV  
  37  4:32  Supply Depot  
  37  4:36  SCV  
  38  4:43  SCV, Starport Tech Lab  
  39  4:50  SCV  
  39  4:51  Marauder  
  42  4:57  SCV  
  43  5:02  Raven  
  43  5:04  SCV  
  46  5:11  SCV  
  47  5:18  SCV  
  48  5:41  Marine  
  49  5:45  Raven  
  51  6:31  Marine  
  52  7:23  Marauder  
  54  10:31  Marine  
  43  10:40  SCV  
  38  10:43  Supply Depot  
  21  10:54  Supply Depot  
Show
View Real Time Build Order
Export as new Build Order

Doll Zerg - Winner!

Build Orders: Hatch First, Muta Ling Bane 

Get SALT Encoding   

  12  0:01  Drone  
  13  0:13  Overlord  
  13  0:17  Drone  
  14  0:32  Drone x2  
  16  0:39  Drone  
  17  0:53  Hatchery  
  16  0:57  Drone  
  16  1:01  Drone  
  16  1:04  Extractor  
  17  1:18  Spawning Pool  
  17  1:20  Drone  
  17  1:24  Drone  
  18  1:29  Drone  
  19  1:41  Drone  
  20  1:50  Overlord  
  20  2:06  Queen x2  
  20  2:08  Zergling x4  
  26  2:16  Drone  
  26  2:18  Drone  
  28  2:25  Drone  
  28  2:26  Extractor  
  28  2:29  Drone  
  29  2:34  Drone  
  30  2:39  Overlord  
  30  2:41  Metabolic Boost  
  30  2:47  Queen  
  30  2:50  Zergling x4  
  34  2:59  Queen  
  34  3:04  Drone  
  37  3:10  Drone  
  38  3:13  Drone  
  38  3:14  Drone  
  38  3:17  Overlord  
  40  3:21  Drone  
  40  3:24  Drone  
  42  3:29  Drone  
  42  3:30  Drone  
  44  3:35  Overlord  
  44  3:41  Drone x2  
  44  3:42  Drone  
  44  3:44  Drone  
  48  3:52  Zergling x4  
  50  3:57  Zergling x2  
  50  3:58  Zergling x4  
  50  4:00  Drone x2  
  50  4:01  Drone  
  56  4:16  Hatchery  
  55  4:18  Lair  
  55  4:21  Drone  
  55  4:22  Drone  
  55  4:23  Drone  
  58  4:27  Overlord  
  58  4:35  Baneling Nest, Drone  
  58  4:36  Overlord  
  58  4:40  Queen  
  58  4:44  Overlord  
  60  4:49  Zergling x4  
  60  4:50  Zergling x4  
  64  4:56  Drone x2  
  64  4:57  Drone  
  64  4:58  Drone  
  68  5:03  Overlord  
  68  5:08  Extractor  
  68  5:12  Drone  
  68  5:15  Queen  
  68  5:16  Overseer  
  68  5:17  Overseer  
  68  5:19  Zergling x4  
  68  5:20  Queen  
  74  5:26  Drone x3  
  74  5:28  Drone  
  78  5:30  Queen  
  78  5:33  Drone  
  78  5:34  Drone  
  82  5:44  Drone  
  82  5:45  Drone  
  82  5:46  Drone  
  82  5:47  Spire  
  84  5:51  Drone x2, Pneumatized Carapace  
  84  5:52  Drone  
  84  5:55  Extractor  
  86  6:00  Hydralisk Den  
  86  6:01  Roach Warren  
  86  6:04  Overlord, Drone  
  84  6:05  Drone x2  
  84  6:07  Drone  
  88  6:15  Centrifical Hooks  
  88  6:17  Drone x3  
  91  6:21  Drone  
  91  6:24  Overlord  
  92  6:26  Drone x3  
  92  6:27  Drone  
  96  6:32  Extractor  
  96  6:33  Extractor  
  96  6:36  Zergling x8  
  96  6:39  Baneling x9  
  98  6:40  Baneling x8  
  98  6:41  Baneling x2  
  98  6:42  Baneling x2  
  98  6:43  Baneling  
  98  6:55  Overlord  
  98  6:56  Overlord  
  98  6:58  Glial Reconstitution  
  98  6:59  Mutalisk  
  98  7:00  Mutalisk x2  
  104  7:10  Mutalisk  
  104  7:14  Mutalisk  
  108  7:16  Drone x2  
  108  7:17  Drone x4  
  108  7:22  Drone  
  115  7:23  Drone x2  
  115  7:26  Drone x2  
  119  7:31  Hatchery  
  119  7:35  Evolution Chamber  
  117  7:37  Drone x2  
  117  7:38  Drone  
  117  7:39  Evolution Chamber, Queen  
  117  7:40  Queen  
  117  7:41  Evolution Chamber  
  122  7:47  Overlord  
  122  7:48  Overlord, Mutalisk  
  122  7:49  Infestation Pit  
  122  7:50  Mutalisk  
  125  7:52  Mutalisk  
  125  7:57  Overlord x2  
  127  8:05  Queen  
  127  8:06  Mutalisk  
  127  8:07  Mutalisk x2  
  127  8:09  Mutalisk  
  127  8:12  Mutalisk  
  139  8:17  Mutalisk  
  139  8:18  Drone  
  139  8:19  Drone  
  143  8:25  Overlord  
  143  8:26  Overlord x2  
  143  8:28  Hive  
  143  8:32  Mutalisk  
  143  8:33  Drone  
  146  8:36  Queen, Drone  
  146  8:41  Queen  
  151  8:50  Mutalisk x3  
  151  8:53  Zergling x2  
  151  8:54  Drone  
  151  8:55  Drone x2  
  161  8:57  Mutalisk  
  161  9:01  Mutalisk  
  165  9:03  Extractor  
  165  9:04  Extractor  
  165  9:08  Zerg Melee Weapons Level 1  
  163  9:11  Queen  
  163  9:15  Drone x7, Mutalisk  
  174  9:21  Hydralisk x2  
  174  9:23  Hydralisk  
  178  9:28  Hydralisk  
  178  9:29  Hydralisk  
  184  9:31  Hydralisk  
  184  9:35  Hydralisk  
  184  9:36  Overlord  
  184  9:37  Overlord  
  184  9:38  Hydralisk  
  188  9:41  Hydralisk  
  192  9:53  Greater Spire  
Tags
 
Add a new tag
Caveats
  • Supply blocks, unpowered buildings, or Contaminate may cause inaccurate times.
  • Supply counts are checked every 10 seconds.